 Dungeon Crawl Stone Soup version 0.30-a0-719-gcc4359ea44 (webtiles) character file.

Game seed: 18442518153798171137

66 M4edhros the Insei (level 4, -12/43 HPs)
             Began as an Octopode Transmuter on Jan 26, 2023.
             Killed by divine providence
             ... invoked by an orc priest
              (14 damage)
             ... on level 4 of the Dungeon.
             The game lasted 00:01:15 (507 turns).

M4edhros the Insei (Octopode Transmuter)             Turns: 507, Time: 00:01:15

Health: -12/43     AC: 22    Str:  9    XL:     4   Next: 15%
Magic:  7/7        EV:  2    Int: 15    God:
Gold:   41         SH:  0    Dex: 14    Spells: 6/7 levels left

rFire   . . .      SeeInvis .      - Unarmed
rCold   . . .      Faith    .    (no shield)
rNeg    . . .      Spirit   .    (helmet currently unavailable)
rPois   +          Reflect  .    (no amulet)
rElec   .          Harm     .    (no ring)
rCorr   .          Rampage  .    (no ring)
Will    .....      NoTele   +    (no ring)
Stlth   +                        (no ring)
HPRegen 0.27/turn                (no ring)
MPRegen 0.10/turn                (no ring)
                                 (no ring)
                                 (no ring)

@: confused, mighty, tree-form
A: stationary, stasis, torment immunity, boosted hp, almost no armour,
(amphibious), 8 rings, (camouflage 1), (gelatinous body 1), (nimble swimmer 1),
(tentacles)
a: no special abilities


You were on level 4 of the Dungeon.
You were a tree.
You visited 1 branch of the dungeon, and saw 4 of its levels.

You collected 41 gold pieces.

Inventory:

Wands
 b - a wand of polymorph (10)
Scrolls
 c - 2 scrolls of identify {unknown}
 d - a scroll of amnesia {unknown}


   Skills:
 + Level 2.0 Fighting
 + Level 2.6 Dodging
 * Level 4.0 Unarmed Combat
 - Level 2.0 Spellcasting
 - Level 2.0 Transmutations


You had 6 spell levels left.
You knew the following spells:

 Your Spells              Type           Power      Damage    Failure   Level
a - Beastly Appendage     Tmut           14%        N/A       10%         1

Your spell library contained the following spells:

 Spells                   Type           Power      Damage    Failure   Level
 Wereblood                Tmut           7%         N/A       14%         2
 Spider Form              Tmut/Pois      4%         N/A       41%         3
 Ice Form                 Ice/Tmut       4%         N/A       82%         4


Dungeon Overview and Level Annotations

Branches:
Dungeon (4/15)
 Temple: D:4-7

Altars:


Innate Abilities, Weirdness & Mutations

You are a tree.
Your roots penetrate the ground, keeping you stationary.
You cannot be teleported.
You are immune to unholy pain and torment.
Your maximum health is greatly increased.
You cannot wear most types of armour.
((You are amphibious.))
You can wear up to eight rings at the same time.
((Your skin changes colour to match your surroundings (Stealth+).))
((Your rubbery body absorbs attacks. (AC +1, EV +1)))
((You are camouflaged when in or above water. (Stealth+)))
((You have tentacles for arms and can constrict up to eight enemies at once.))


Message History

You feel very mighty all of a sudden. The adder barely misses you.
The orc wizard casts a spell at you. The puff of flame misses you.
The adder barely misses you.
The orc priest calls down the wrath of Beogh upon you.
Pain shoots through your body!
* * * LOW HITPOINT WARNING * * *
Really quaff the potion of lignification?
You turn into a tree.
Your roots penetrate the ground.
The adder bites you.
* * * LOW HITPOINT WARNING * * *
The orc wizard points at you and mumbles some strange words.
The magic dart hits you.
* * * LOW HITPOINT WARNING * * *
You closely miss the adder.
The adder is lightly wounded.
The adder bites you.
* * * LOW HITPOINT WARNING * * *
You smack the adder!
You kill the adder!
Aiming: Polymorph
Press: ? - help, Shift-Dir - straight line, f - orc priest
Aim: an orc priest, wielding a +0 war axe and wearing a +0 chain mail (will become a killer bee, a ball python, or a steam dragon, chance to affect: 49%)
The orc priest resists with some effort.
Aiming: Polymorph
Press: ? - help, Shift-Dir - straight line, f/p - orc priest
Aim: an orc priest, wielding a +0 war axe and wearing a +0 chain mail (will become a killer bee, a ball python, or a steam dragon, chance to affect: 49%)
The orc priest resists with some effort.
You hit the orc priest.
The orc priest is moderately wounded.
An orc comes into view. It is wielding a +0 club.
The orc wizard gestures at you while chanting.
You are confused.
The orc priest hits you but does no damage.
You cannot move. (Use ctrl+direction or * direction to attack while stationary and confused.)
You cannot move. (Use ctrl+direction or * direction to attack while stationary and confused.)
You swing at nothing.
The orc shouts!
The orc priest invokes the aid of Beogh against you.
Beogh smites you!
You die...

....... ... .......
... ....... #.. ..
....... .. ...
......... .##....
..........##.....
.#............#.##
...... #..♣o....#
.....####†o....# #
#.............#
...#..##.........o.$
#..##..##...........
#..................
#.......#...###....
(#.......#....##....
..........###....
....... ..


You could see an orc priest, an orc wizard and an orc.

Vanquished Creatures
  5 adders
  A dart slug (D:3)
  An orc (D:3)
  An endoplasm (D:4)
  2 giant cockroaches
  2 goblins
  A hobgoblin (D:2)
  2 kobolds (D:2)
  A quokka (D:2)
  2 ball pythons
  A rat (D:3)
19 creatures vanquished.

Notes
Turn   | Place    | Note
-------+----------+-------------------------------------------
     0 | D:1      | M4edhros the Octopode Transmuter began the quest for the
                  | Orb.
     0 | D:1      | Reached XP level 1. HP: 13/13 MP: 3/3
   167 | D:2      | Reached XP level 2. HP: 18/18 MP: 5/5
   225 | D:3      | Reached XP level 3. HP: 22/23 MP: 6/6
   457 | D:4      | Noticed a hornet
   498 | D:4      | Reached skill level 4 in Unarmed Combat
   498 | D:4      | Reached XP level 4. HP: 21/29 MP: 7/7
   501 | D:4      | HP: 2/43 [orc wizard/magic dart (6)]
   507 | D:4      | Killed from afar by an orc priest

Illustrated notes

Levels and vault maps discovered:
D:1:      shiori_arrival_maze, layout_basic, serial_co_window_serial,
          co_window_of_opportunity_a, co_window_paths_b, co_window_corner_a,
          co_window_cross_1, co_window_of_opportunity_a, co_window_2corner,
          co_window_corner_cb, co_window_of_opportunity_c, co_window_2corner,
          co_window_cross_3, co_window_corner_cb, co_window_2corner,
          co_window_4corner_b, glass_columns_c, glass_columns_a,
          chequers_ecumenical_altar_simple_redux
D:2:      minmay_roachtagon, layout_basic, serial_curves, eino_curves_01,
          eino_curves_01, minmay_3d_cube, uniq_terence
D:3:      layout_rooms
D:4:      layout_cave_pools, minmay_misc_feat_five

Skill      XL: |  1  2  3 |
---------------+----------+-----
Fighting       | 2 |  2.0
Unarmed Combat | 4 |  4.0
Dodging        | |  2.6
Spellcasting   | |  2.0
Transmutations | |  2.0

Action                     |  1- 3 |  4- 6 || total
---------------------------+-------+-------++-------
  Melee: Unarmed           |    54 |     5 ||    59
         Constrict         |    15 |       ||    15
         Tentacles         |    10 |       ||    10
         Punch             |     1 |       ||     1
  Evoke: Wand              |       |     2 ||     2
    Use: Potion            |       |     2 ||     2
   Stab: Sleeping          |     5 |       ||     5
 Armour: Skin              |     2 |     1 ||     3
  Dodge: Dodged            |    34 |     4 ||    38

Table legend: (Time is in decaauts)
 A = Elapsed time spent in this place.
 B = Non-inter-level travel time spent in this place.
 C = Inter-level travel time spent in this place.
 D = Time resting spent in this place.
 E = Time spent auto-exploring this place.
 F = Levels seen in this place.
 G = Mean time per level.
                   A        B        C        D        E       F      G
               +--------+--------+--------+--------+--------+-----+--------+
         Total |    502 |    470 |     32 |     60 |    253 |   4 |  125.5 |
       Dungeon |    502 |    470 |     32 |     60 |    253 |   4 |  125.5 |
               +--------+--------+--------+--------+--------+-----+--------+

Top non-repeatable levels by time:
     D:2: 196 daAuts
     D:3: 168 daAuts
     D:4: 136 daAuts
     D:1: 2 daAuts
